 Dungeon Crawl Stone Soup version 0.18.1-6-gd335043 (webtiles) character file.

1600 shmeve the Covert (level 8, -5/76 HPs)
             Began as a Naga Berserker on May 15, 2016.
             Was a Priest of Trog.
             Killed by divine providence
             ... invoked by an orc priest
              (13 damage)
             ... on level 6 of the Dungeon.
             The game lasted 00:13:17 (5140 turns).

shmeve the Covert (Naga Berserker)                  Turns: 5140, Time: 00:13:18

Health: -5/76      AC:  6    Str: 21    XL:     8   Next: 94%
Magic:  8/8        EV:  9    Int:  8    God:    Trog [***...]
Gold:   377        SH:  0    Dex: 11    Spells: 0 memorised, 7 levels left

rFire  + . .     SeeInvis +     a - +0 hand axe
rCold  . . .     Gourm    .     e - +0 ring mail
rNeg   . . .     Faith    .     (no shield)
rPois  +         Spirit   .     (no helmet)
rElec  .         Dismiss  .     (no cloak)
rCorr  .         Reflect  .     v - +0 pair of gloves (curse)
SustAt .         Harm     .     (no barding)
MR     +....                    (no amulet)
Stlth  ++++......               (no ring)
                                u - ring of protection from fire

@: exhausted, slowed, very slow, somewhat resistant to hostile enchantments,
stealthy
A: see invisible, deformed body, poison resistance, slowness 2, slow metabolism
1, spit poison 2, AC +2
a: Spit Poison, Berserk, Trog's Hand, Burn Spellbooks, Renounce Religion


You were on level 6 of the Dungeon.
You worshipped Trog.
Trog was most pleased with you.
You were near starving.

You visited 1 branch of the dungeon, and saw 6 of its levels.

You collected 377 gold pieces.

Inventory:

Hand Weapons
 a - a +0 hand axe (weapon)
Missiles
 k - a throwing net (quivered)
Armour
 e - a +0 ring mail (worn)
 v - a cursed +0 pair of gloves (worn)
Jewellery
 u - a ring of protection from fire (left hand)
Scrolls
 d - 2 scrolls of magic mapping {unknown}
 g - a scroll of recharging {unknown}
 l - a scroll of remove curse {unknown}
 m - 2 scrolls of random uselessness {unknown}
 p - 7 scrolls of identify {unknown}
 q - 2 scrolls of fear {unknown}
 r - a scroll of blinking {unknown}
 s - 2 scrolls of enchant armour {unknown}
 w - 2 scrolls of fog {unknown}
 x - 2 scrolls of amnesia {unknown}
 y - a scroll of immolation {unknown}
Potions
 b - a potion of heal wounds {unknown}
 h - 3 potions of degeneration {unknown}
 i - a potion of haste {unknown}
 n - 2 potions of lignification {unknown}
 o - a potion of agility {unknown}
 t - a potion of resistance {unknown}
 z - a potion of mutation {unknown}
 B - a potion of brilliance {unknown}
 D - a potion of cancellation {unknown}
Comestibles
 c - 6 bread rations
 f - 4 meat rations
 j - 2 slices of pizza
 A - a fruit
 C - a royal jelly
 E - 3 chunks of flesh


   Skills:
 * Level 6.3 Fighting
 * Level 6.3 Axes
 + Level 3.0 Throwing
 - Level 1.5 Armour
 + Level 3.3 Dodging
 * Level 8.5 Stealth


You had 7 spell levels left.
You didn't know any spells.

Dungeon Overview and Level Annotations

Branches:
Dungeon (6/15)             Temple (0/1) D:5

Altars:
Pakellas
The Shining One


Innate Abilities, Weirdness & Mutations

You cannot wear boots.
Your serpentine skin is tough (AC +2).
You have supernaturally acute eyesight.
Armour fits poorly on your strangely shaped body.
Your system is resistant to poisons.
You cover ground very slowly.
You have a slow metabolism.
You can spit poison.


Message History

You hit the orc.
The orc is almost dead.
The orc hits you but does no damage.
The orc priest invokes the aid of Beogh against you.
You resist with significant effort.
You closely miss the orc priest.
The orc priest is moderately wounded.
Your ring mail prevents you from hitting the orc.
The orc is almost dead.
The orc hits you but does no damage. The orc priest hits you with a mace.
* * * LOW HITPOINT WARNING * * *
The orc hits you but does no damage.
You closely miss the orc priest.
The orc priest is moderately wounded.
You hit the orc.
You kill the orc!
Trog accepts your kill.
The orc priest invokes the aid of Beogh against you.
Beogh smites you!
You die...

#... ...... .. #..#
..... ..# ##..# #...#
...# #...# .(.##..##
#...##### .........
##.......###o.......
...##....o..............
........@)))....<#
###....#####..))## ##...
##(..# ##.. #...## #..
#...# ##. #..## #. #..#
.. ...# ...#


You could see an orc priest.

Vanquished Creatures
  The ghost of shmeve the Sneak, an amateur NaBe of Trog (D:3)
  Eustachio (D:4)
  Sigmund (D:5)
  Duvessa (D:6)
  A phantom (D:4)
  An ogre (D:5)
  A centaur (D:5)
  A scorpion (D:4)
  Dowan (D:6)
  2 howler monkeys
  A centaur zombie (D:6)
  A crimson imp (D:5)
  2 hounds (D:4)
  4 orc wizards
  4 orc priests (D:4)
  A hound skeleton (D:4)
  A worker ant zombie (D:5)
  6 adders
  A shadow imp (D:5)
  2 adder skeletons
  3 worms
  3 dart slugs
  2 giant geckos (D:4)
  14 orcs
  3 ball pythons
  3 bats
  4 giant cockroaches
  6 goblins
  A hobgoblin (D:3)
  13 jackals
  4 quokkas
  5 giant newts
  10 kobolds
  A quokka skeleton (D:5)
  2 rats
108 creatures vanquished.

Notes
Turn   | Place    | Note
--------------------------------------------------------------
     0 | D:1      | shmeve the Naga Berserker began the quest for the Orb.
     0 | D:1      | Reached XP level 1. HP: 21/21 MP: 1/1
    12 | D:1      | Reached skill level 1 in Stealth
   260 | D:1      | Reached XP level 2. HP: 27/28 MP: 2/2
   600 | D:1      | Reached skill level 2 in Stealth
   600 | D:1      | Reached XP level 3. HP: 34/34 MP: 3/3
   982 | D:2      | Found a glowing golden altar of the Shining One.
  1103 | D:2      | Reached XP level 4. HP: 34/42 MP: 4/4
  1177 | D:2      | Reached ** piety under Trog
  1330 | D:2      | Reached skill level 3 in Stealth
  1509 | D:3      | Noticed shmeve's ghost (amateur NaBe)
  1534 | D:3      | Killed shmeve's ghost
  1534 | D:3      | Reached skill level 1 in Throwing
  1534 | D:3      | Reached skill level 4 in Stealth
  1534 | D:3      | Reached XP level 5. HP: 8/50 MP: 5/5
  1534 | D:3      | Reached XP level 6. HP: 10/57 MP: 6/6
  1876 | D:3      | You fall through a shaft for 3 floors!
  1901 | D:5      | Entered Level 5 of the Dungeon
  1982 | D:5      | Noticed Sigmund
  1986 | D:4      | Found an oddly glowing altar of Pakellas.
  2088 | D:4      | Reached skill level 5 in Stealth
  2432 | D:4      | Reached XP level 7. HP: 17/66 MP: 7/7
  2925 | D:4      | Reached skill level 5 in Axes
  3032 | D:4      | Noticed Eustachio
  3050 | D:4      | Killed Eustachio
  3050 | D:4      | Reached skill level 6 in Stealth
  3390 | D:4      | Reached skill level 5 in Fighting
  3623 | D:4      | Reached XP level 8. HP: 73/74 MP: 8/8
  3915 | D:5      | Killed Sigmund
  3915 | D:5      | Reached skill level 7 in Stealth
  4522 | D:5      | Reached *** piety under Trog
  4760 | D:5      | Reached skill level 8 in Stealth
  4811 | D:5      | Found a staircase to the Ecumenical Temple.
  5096 | D:6      | Noticed Dowan
  5099 | D:6      | Noticed Duvessa
  5111 | D:6      | Killed Dowan
  5112 | D:6      | Killed Duvessa
  5140 | D:6      | Killed from afar by an orc priest

Skill      XL: |  1  2  3  4  5  6  7  8 |
---------------+-------------------------+-----
Stealth        | 1 2 4 5 6 8 |  8.5
Fighting       | 4 5 6 |  6.3
Axes           | 4 5 6 |  6.3
Throwing       | 1 2 3 |  3.0
Dodging        | 2 3 |  3.3
Armour         | |  1.5

Action                   |  1- 3 |  4- 6 |  7- 9 || total
-------------------------+-------+-------+-------++-------
Melee: Hand axe          |    54 |   106 |   261 ||   421
Throw: Throwing net      |     1 |       |     1 ||     2
Invok: Berserk           |       |     2 |     6 ||     8
       Trog's Hand       |       |       |     4 ||     4
 Abil: Spit Poison       |    10 |    23 |    31 ||    64
 Stab: Sleeping          |       |     1 |     1 ||     2
  Eat: Chunk             |       |     7 |    13 ||    20
       Beef jerky        |       |       |     1 ||     1
Armor: Ring mail         |    24 |    38 |   141 ||   203
       Animal skin       |     1 |       |       ||     1
Dodge: Dodged            |    34 |    52 |   170 ||   256
